 Dungeon Crawl Stone Soup version 0.22-a0-247-gbddf880 (webtiles) character file.

200 MatthieuS the Shooter (level 5, -2/46 HPs)
             Began as a Minotaur Hunter on Feb 24, 2018.
             Slain by an ogre
             ... wielding a +0 giant club
              (19 damage)
             ... on level 3 of the Dungeon.
             The game lasted 00:04:52 (2084 turns).

MatthieuS the Shooter (Minotaur Hunter)             Turns: 2084, Time: 00:04:52

Health: -2/46      AC:  3    Str: 17    XL:     5   Next: 48%
Magic:  4/4        EV: 13    Int:  8    God:
Gold:   107        SH:  0    Dex: 11    Spells: 4/4 levels left

rFire    . . .     SeeInvis .   a - +0 short sword
rCold    . . .     Gourm    +   (no shield)
rNeg     . . .     Faith    .   c - +0 leather armour
rPois    .         Spirit   .   (helmet restricted)
rElec    .         Reflect  .   (no cloak)
rCorr    .         Harm     .   (no gloves)
MR       .....     Rnd*Tele +   (no boots)
Stlth    +.........             q - amulet of the gourmand
HPRegen  0.15/turn              g - ring of teleportation
MPRegen  0.09/turn              (no ring)

@: flying
A: retaliatory headbutt, horns 2
a: no special abilities


You were on level 3 of the Dungeon.
You were full.

You visited 1 branch of the dungeon, and saw 3 of its levels.

You collected 107 gold pieces.

Inventory:

Hand Weapons
 a - a +0 short sword (weapon)
 w - a +1 shortbow
Missiles
 d - 57 arrows
Armour
 c - a +0 leather armour (worn)
Jewellery
 g - a ring of teleportation (left hand)
 q - an amulet of the gourmand (around neck)
Scrolls
 e - 2 scrolls of remove curse
 h - 5 scrolls of identify {unknown}
 i - 2 scrolls of amnesia {unknown}
 j - 2 scrolls of enchant weapon {unknown}
 m - a scroll of immolation {unknown}
 n - 2 scrolls of teleportation {unknown}
 o - 2 scrolls of magic mapping {unknown}
Potions
 b - a potion of ambrosia
 l - a potion of curing
Comestibles
 f - 6 rations


   Skills:
 + Level 4.0 Fighting
 * Level 6.1 Bows
 + Level 3.6 Dodging
 - Level 0.7 Stealth


You had 4 spell levels left.
You didn't know any spells.

Dungeon Overview and Level Annotations

Branches:
Dungeon (3/15)

Altars:
Zin


Innate Abilities, Weirdness & Mutations

You reflexively headbutt those who attack you in melee.
You have a pair of horns on your head.


Message History

It was a scroll of remove curse.
Natasha misses you. The ogre hits you with a giant club!
It was a potion of flight.
You feel very buoyant.
You fly up into the air.
Natasha stares at you and mumbles some strange words.
The magic dart hits you! The ogre closely misses you.
Wield which item (- for none, * to show all)? (? for menu, Esc to quit)
a - a +0 short sword (weapon)
Natasha claws you.
You closely miss Natasha. You headbutt Natasha.
Natasha is severely wounded.
The ogre closely misses you. Natasha closely misses you.
You furiously retaliate!
You headbutt Natasha. You hit Natasha.
You kill Natasha!
Natasha screams in pain as she dies!
Your Fighting skill increases to level 4!
The ogre hits you with a giant club!!
You die...

#....# #....# ##
#....####. #.....<.#. ###
#......... ..# #.........
#.# #......... . #O#
######.#.. ?b #@#
#......#.. ... #(#
#......)(. .... #.#
#......... ...hb
#.#######........#
......##>........########
..(.......#####..#
#.####....### #..#
.........####.########
####...................


You could see an ogre.

Vanquished Creatures
  The ghost of KPEX the Covered, an amateur FoWn (D:3)
  Natasha (D:3)
  4 adders
  A worm (D:3)
  2 dart slugs
  6 bats
  3 giant cockroaches
  5 goblins
  5 hobgoblins
  8 jackals (D:1)
  6 kobolds
  A quokka (D:3)
  9 frilled lizards
  4 rats
  A plant (D:2)
57 creatures vanquished.

Notes
Turn   | Place    | Note
-------+----------+-------------------------------------------
     0 | D:1      | MatthieuS the Minotaur Hunter began the quest for the Orb.
     0 | D:1      | Reached XP level 1. HP: 18/18 MP: 0/0
   121 | D:1      | Reached XP level 2. HP: 25/25 MP: 1/1
   456 | D:1      | Reached skill level 5 in Bows
   457 | D:1      | Reached XP level 3. HP: 26/31 MP: 2/2
   700 | D:1      | You fall through a shaft!
  1189 | D:2      | Found a glowing silver altar of Zin.
  1407 | D:3      | Noticed KPEX's ghost (amateur FoWn)
  1462 | D:3      | Killed KPEX's ghost
  1462 | D:3      | Reached XP level 4. HP: 25/40 MP: 3/3
  1646 | D:3      | Reached XP level 5. HP: 46/46 MP: 4/4
  1915 | D:3      | Reached skill level 6 in Bows
  2069 | D:3      | Noticed Natasha
  2078 | D:3      | Noticed an ogre
  2084 | D:3      | Killed Natasha
  2084 | D:3      | Slain by an ogre

Vault maps used:
D:1:      saegor_arrival_simple_b, st_stairs_1, minmay_pentomino_s4
D:2:      cheibrodos_old_hovel, zin_scriptorium
D:3:      uniq_natasha

Skill      XL: |  1  2  3  4  5 |
---------------+----------------+-----
Fighting       | 3 4 |  4.0
Bows           | 5 6 |  6.1
Dodging        | 3 |  3.6
Stealth        | |  0.7

Action                   |  1- 3 |  4- 6 || total
-------------------------+-------+-------++-------
Melee: Short sword       |   166 |    18 ||   184
       Headbutt          |    23 |     2 ||    25
 Fire: Shortbow          |       |    31 ||    31
  Use: Potion            |     7 |     1 ||     8
       Scroll            |       |     1 ||     1
  Eat: Chunk             |     6 |     5 ||    11
Armor: Leather armour    |    32 |     7 ||    39
       Skin              |    20 |     6 ||    26
Dodge: Dodged            |    96 |    16 ||   112

Table legend:
 A = Spawn XP
 B = Non-spawn XP
 C = Spawn XP percentage of total XP
 D = Spawn monster count
 E = Non-spawn monster count
 F = Spawn count percentage of total count
 G = Total turns spent on level
                    A         B        C        D         E        F      G
               +---------+---------+-------+---------+---------+-------+---------
         Total |       0 |     286 |   0.0 |       0 |      56 |   0.0 |  2084
               +---------+---------+-------+---------+---------+-------+---------
           D:1 |       0 |      46 |   0.0 |       0 |      26 |   0.0 |   869
           D:2 |       0 |      26 |   0.0 |       0 |      12 |   0.0 |   472
           D:3 |       0 |     214 |   0.0 |       0 |      18 |   0.0 |   743
               +---------+---------+-------+---------+---------+-------+---------
